 Dungeon Crawl Stone Soup version 0.31.0-9-g3a7656b989 (webtiles) character file.

Game seed: 10909246310243390903

522 qw the Ducker (level 7, 0/35 HPs)
             Began as a Spriggan Hunter on Feb 2, 2024.
             Slain by Pikel
             ... wielding a +0 whip of flaming
              (1 damage)
             ... on level 4 of the Dungeon.
             The game lasted 00:00:17 (3635 turns).

qw the Ducker (Spriggan Hunter)                     Turns: 3635, Time: 00:00:17

Health: 0/35       AC:  2    Str:  7    XL:     7   Next: 2%
Magic:  8/8        EV: 24    Int: 11    God:
Gold:   222        SH:  5    Dex: 24    Spells: 6/6 levels left

rFire   . . .        a - +1 shortbow
rCold   + . .        (shield currently unavailable)
rNeg    . . .        c - +0 robe
rPois   .            (helmet restricted)
rElec   .            (no cloak)
rCorr   .            (gloves unavailable)
SInv    +            (boots unavailable)
Will    +....        i - amulet of reflection
Stlth   ++           n - +6 ring of dexterity
HPRegen 0.25/turn    g - ring of protection from cold
MPRegen 0.11/turn

%: reflection
@: very quick
A: very small, no large weapons, unfitting armour, see invisible, speed 3,
clumsy 1
a: no special abilities


You were on level 4 of the Dungeon.
You visited 1 branch of the dungeon, and saw 5 of its levels.

You collected 222 gold pieces.


Innate Abilities, Weirdness & Mutations

You are very small and have problems with some larger weapons.
You are too small for most types of armour.
You have supernaturally acute eyesight. (SInv)
You cover ground extremely quickly. (Speed+++)
You are clumsy. (Dex -2)


   Skills:
 - Level 2.0 Fighting
 + Level 6.3 Ranged Weapons
 - Level 7.5 Dodging
 - Level 1.5 Stealth


You had 6 spell levels left.
You didn't know any spells.
Your spell library was empty.

Inventory:

Hand Weapons
 a - a +1 shortbow (weapon)
Armour
 c - a +0 robe (worn)
Jewellery
 b - a ring of fire
 g - a ring of protection from cold (right hand)
 i - an amulet of reflection (around neck)
 n - a +6 ring of dexterity (left hand)
Scrolls
 j - a scroll of enchant armour
Potions
 d - 2 potions of curing
 e - a potion of brilliance {unknown}
 h - a potion of resistance {unknown}
 k - 2 potions of mutation
 l - a potion of haste {unknown}
 o - a potion of might

Dungeon Overview and Level Annotations

Branches:
Dungeon (5/15)
 Temple: D:4-7

Altars:
Ashenzari
Dithmenos
Makhleb
Qazlal
Wu Jian
The Shining One

Annotations:
D:4 Pikel


Message History

You shoot an arrow.
The arrow hits Pikel but does no damage.
Pikel is moderately wounded.
Pikel barely misses you.
You shoot an arrow. The arrow hits Pikel!
Pikel is heavily wounded.
Pikel completely misses you.
You shoot an arrow. The arrow hits Pikel.
Pikel is heavily wounded.
Pikel closely misses you.
You shoot an arrow. The arrow hits Pikel.
Pikel is heavily wounded.
Pikel hits you with a +0 whip of flaming.
Pikel burns you. Pikel misses you.
You shoot an arrow.
The arrow hits Pikel but does no damage.
Pikel is heavily wounded.
You block Pikel's attack.
You shoot an arrow. The arrow closely misses Pikel.
Pikel barely misses you.
You shoot an arrow. The arrow barely misses Pikel.
Pikel completely misses you.
You shoot an arrow. The arrow barely misses Pikel.
Pikel hits you with a +0 whip of flaming!
Pikel burns you.
You shoot an arrow. The arrow barely misses Pikel.
Pikel closely misses you.
You shoot an arrow. The arrow hits Pikel.
Pikel is severely wounded.
Pikel says, "You'll make a fine lemure."
Pikel misses you.
You shoot an arrow. The arrow misses Pikel.
Pikel completely misses you.
You shoot an arrow. The arrow misses Pikel.
Pikel misses you.
You shoot an arrow. The arrow closely misses Pikel.
Pikel hits you with a +0 whip of flaming.
Pikel burns you.
You die...
Pikel says, "Another soul for the market."

####### ......#
......###
........#
####....##########
...'....'.......@#
.###....########K#
.# #...%# #.# .#
#....# #.#
.###....# #.#
........########.#
.............##..#
.............##..#
.)...........##..#


You could see Pikel.

Vanquished Creatures
  A water moccasin (D:5)
  3 hounds
  A jelly (D:4)
  2 iguanas
  4 gnolls (D:3)
  8 adders
  2 ufetubi (D:5)
  3 ribbon worms
  A dart slug (D:5)
  3 orcs (D:4)
  11 ball pythons
  21 endoplasms
  5 giant cockroaches
  6 hobgoblins
  4 quokkas (D:2)
  8 bats
  2 frilled lizards
  5 goblins
  15 kobolds
  7 rats
112 creatures vanquished.

Notes
Turn   | Place    | Note
-------+----------+-------------------------------------------
     0 | D:1      | qw the Spriggan Hunter began the quest for the Orb.
     0 | D:1      | Reached XP level 1. HP: 10/10 MP: 2/2
     0 | D:1      | 0 ||| qw: Version: 0.3-a-155-g5e7d8dd
     0 | D:1      | 0 ||| qw: Game counter: 1020
     0 | D:1      | 0 ||| qw: Melee chars always use a shield: true
     0 | D:1      | 0 ||| qw: God list: Okawaru
     0 | D:1      | 0 ||| qw: Allow faded altars: false
     0 | D:1      | 0 ||| qw: Do Orc after clearing Dungeon:15 true
     0 | D:1      | 0 ||| qw: Do second Lair branch before Depths: true
     0 | D:1      | 0 ||| qw: Lair rune preference: random
     0 | D:1      | 0 ||| qw: Goals: Normal
     0 | D:1      | 0 ||| PLANNING D:1-11
    39 | D:1      | Reached skill level 3 in Dodging
    94 | D:1      | Reached XP level 2. HP: 14/14 MP: 3/3
   141 | D:1      | Reached skill level 4 in Dodging
   647 | D:1      | 647 ||| READING scroll labelled WYPAJA GI XIKO.
   647 | D:1      | 647 ||| ENCHANTING +0 shortbow.
   648 | D:1      | 648 ||| DROPPING scroll of butterflies.
   654 | D:2      | Reached XP level 3. HP: 18/18 MP: 4/4
  1244 | D:2      | Reached XP level 4. HP: 22/22 MP: 5/5
  1474 | D:2      | 1474 ||| DROPPING ring of flight.
  1475 | D:2      | 1475 ||| UPGRADING to +6 ring of dexterity.
  1476 | D:2      | 1476 ||| READING 2 scrolls labelled ANAHE WUOHI.
  1476 | D:2      | 1476 ||| IDENTIFYING dark potion
  1477 | D:2      | 1477 ||| READING scroll of identify.
  1477 | D:2      | 1477 ||| IDENTIFYING sedimented coppery potion
  1478 | D:2      | 1478 ||| READING scroll labelled WENUAMOQOL.
  1479 | D:2      | 1479 ||| READING scroll labelled SEUTWI UMI XUNURE.
  1480 | D:2      | 1480 ||| READING scroll labelled QIL QETWIOH.
  1481 | D:2      | 1481 ||| DRINKING 2 blue potions.
  1482 | D:2      | 1482 ||| DRINKING 2 lumpy yellow potions.
  1483 | D:2      | 1483 ||| DRINKING 2 glowing red potions.
  1484 | D:2      | 1484 ||| DROPPING potion of berserk rage.
  1485 | D:2      | 1485 ||| DROPPING potion of invisibility.
  1486 | D:2      | 1486 ||| DROPPING potion of attraction.
  1510 | D:3      | Found a broken altar of Ashenzari.
  1515 | D:3      | Reached skill level 5 in Dodging
  1583 | D:3      | Reached XP level 5. HP: 21/25 MP: 6/6
  1808 | D:3      | Reached skill level 6 in Dodging
  1811 | D:3      | HP: 6/25 [poisoned by an adder]
  1812 | D:3      | 1812 ||| DRINKING potion of heal wounds.
  1819 | D:3      | HP: 6/26 [frozen (2)]
  2109 | D:3      | 2109 ||| UPGRADING to amulet of reflection.
  2114 | D:3      | 2114 ||| READING scroll labelled COS KURCHYUSYCW.
  2215 | D:3      | 2215 ||| READING scroll labelled TEFREO ASCHOSA.
  2216 | D:3      | 2216 ||| READING scroll labelled JADODICYSHI.
  2216 | D:3      | 2216 ||| ENCHANTING +0 shortbow.
  2217 | D:3      | 2217 ||| DRINKING 3 sedimented orange potions.
  2217 | D:3      | Gained mutation: You are clumsy. (Dex -2) [potion of
                  | mutation]
  2218 | D:3      | 2218 ||| DRINKING 2 emerald potions.
  2427 | D:4      | Reached XP level 6. HP: 24/30 MP: 7/7
  2864 | D:4      | Reached skill level 6 in Ranged Weapons
  2870 | D:4      | Found an ornate altar of the Wu Jian Council.
  2870 | D:4      | Found a stormy altar of Qazlal.
  2870 | D:4      | Found a burning altar of Makhleb.
  2870 | D:4      | Found a glowing golden altar of the Shining One.
  2870 | D:4      | Found a stormy altar of Qazlal.
  2870 | D:4      | Found a shadowy altar of Dithmenos.
  2895 | D:4      | 2895 ||| UPGRADING to ring of protection from cold.
  2896 | D:4      | 2896 ||| READING scroll of identify.
  2896 | D:4      | 2896 ||| IDENTIFYING sedimented blue potion
  2897 | D:4      | 2897 ||| READING scroll labelled XUT LILILO.
  2898 | D:4      | 2898 ||| DROPPING potion of lignification.
  2900 | D:4      | 2900 ||| Stepping ~*~*~tactically~*~*~ (cloud).
  3034 | D:5      | Entered Level 5 of the Dungeon
  3273 | D:5      | Noticed a water moccasin
  3286 | D:5      | Killed a water moccasin
  3286 | D:5      | HP: 7/30 [poisoned by a water moccasin]
  3287 | D:5      | Reached skill level 7 in Dodging
  3420 | D:5      | Reached XP level 7. HP: 27/35 MP: 8/8
  3492 | D:5      | 3492 ||| FLEEEEING.
  3494 | D:5      | 3494 ||| FLEEEEING.
  3495 | D:5      | 3495 ||| STAIRDANCE
  3559 | D:4      | 3559 ||| DRINKING 3 black potions.
  3560 | D:4      | 3560 ||| DRINKING 3 potions of curing.
  3560 | D:4      | 3560 ||| (to cure confusion)
  3561 | D:4      | 3561 ||| DROPPING 2 potions of ambrosia.
  3563 | D:5      | Noticed Pikel
  3564 | D:5      | 3564 ||| STAIRDANCE
  3616 | D:5      | 3616 ||| STAIRDANCE
  3630 | D:4      | HP: 5/35 [Pikel/+0 whip of flaming (10)]
  3630 | D:4      | HP: 2/35 [Pikel/+0 whip of flaming (3)]
  3635 | D:4      | HP: 1/35 [Pikel/+0 whip of flaming (3)]
  3635 | D:4      | Slain by Pikel

Levels and vault maps discovered:
D:1:      evilmike_arrival_rings, layout_basic, nicolae_wormholes
D:2:      minmay_razor_zed, layout_basic, fountainhead
D:3:      layout_basic, cheibrodos_ashenzari_chains, grunt_decor_fettered,
          guppyfry_early_lair_pool
D:4:      cheibrodos_fertilizer, layout_basic
D:5:      layout_loops_ring, minmay_temple_entry_trees, grunt_tough_drop,
          uniq_pikel

Skill      XL: |  1  2  3  4  5  6 |
---------------+-------------------+-----
Dodging        | 3 4 5 6 7 |  7.5
Ranged Weapons | 5 6 |  6.3
Fighting       | 2 |  2.0
Stealth        | |  1.5

Action                     |  1- 3 |  4- 6 |  7- 9 || total
---------------------------+-------+-------+-------++-------
   Fire: Shortbow          |   102 |   241 |    20 ||   363
    Use: Scroll            |     1 |    10 |       ||    11
         Potion            |       |     6 |     2 ||     8
 Armour: Robe              |     6 |    31 |     9 ||    46
  Dodge: Dodged            |    29 |   160 |    23 ||   212
  Block: Other             |       |    21 |     1 ||    22
         Reflection        |       |     5 |       ||     5

Table legend:
 A = Non-vault XP
 B = Vault XP
 C = Vault XP percentage of total XP
 D = Non-vault monster count
 E = Vault monster count
 F = Vault count percentage of total count
                 A         B        C        D         E       F
            +---------+---------+-------+---------+---------+-------
      Total |     627 |     120 |  16.1 |      77 |      35 |  31.2
            +---------+---------+-------+---------+---------+-------
        D:1 |      29 |      10 |  25.6 |      18 |       2 |  10.0
        D:2 |      58 |      37 |  38.9 |      22 |      14 |  38.9
        D:3 |     158 |       0 |   0.0 |      16 |       0 |   0.0
        D:4 |     114 |      73 |  39.0 |      14 |      19 |  57.6
        D:5 |     268 |       0 |   0.0 |       7 |       0 |   0.0
            +---------+---------+-------+---------+---------+-------
